 Dungeon Crawl Stone Soup version bcrawl-1.38.1 (webtiles) character file.

Game seed: 15942825295365705582

387013 Morbidden the Grappler (level 10, -8/92 HPs)
             Began as a Troll Archaeologist on Mar 30, 2023.
             Was a High Priest of Cheibriados.
             Mangled by Harold
             ... wielding a +2 trident of piercing
              (15 damage)
             ... on level 8 of the Dungeon.
             The game lasted 00:09:29 (6830 turns).

Morbidden the Grappler (Troll Archaeologist)        Turns: 6830, Time: 00:09:30

Health: -8/92      AC: 12    Str: 32    XL:     10   Next: 48%
Magic:  13/13      EV: 19    Int: 25    God:    Cheibriados [*****.]
Gold:   386        SH:  0    Dex: 19    Spells: 7/15 levels left

rFire    . . .     GDR:     33%   - Claws (32.3)
rCold    . . .     SeeInvis .   (no shield)
rNeg     . . .     Gourm    +   (armour unavailable)
rPois    .         Faith    .   C - +1 hat
rElec    .         Spirit   .   (no cloak)
rCorr    .         Reflect  .   (gloves unavailable)
MR       .....     Clarity  +   (boots unavailable)
Stlth    ++........             (no amulet)
HPRegen  0.65/turn              w - +3 ring of protection
MPRegen  0.13/turn              f - +5 ring of evasion

@: very slow
A: large, almost no armour, claws 3, fast metabolism 3, gourmand, regeneration
1, AC +8
a: Bend Time, Defer, Temporal Distortion, Step From Time, Renounce Religion


You were on level 8 of the Dungeon.
You worshipped Cheibriados.
Cheibriados was extremely pleased with you.
You were completely stuffed.

You visited 2 branches of the dungeon, and saw 9 of its levels.
You also visited: Ossuary.

You collected 614 gold pieces.
You spent 228 gold pieces at shops.

Inventory:

Hand Weapons
 b - a +0 blowgun
Missiles
 c - 75 needles of confusion
 d - 6 curare-tipped needles
 j - 1072 stones (quivered)
 l - 3 throwing nets {=f}
 m - 885 arrows
 n - 930 sling bullets
 t - 92 poisoned tomahawks
 z - 57 poisoned needles
 P - 77 large rocks
Armour
 C - a +1 hat (worn)
Jewellery
 f - a +5 ring of evasion (right claw)
 h - an uncursed ring of positive energy
 w - a +3 ring of protection (left claw)
 J - an uncursed ring of protection from fire
 Q - an uncursed ring of wizardry
Wands
 I - a wand of digging (2)
 K - a wand of paralysis (7)
 L - a wand of polymorph (9)
 N - a wand of disintegration (2)
Scrolls
 a - 7 scrolls of teleportation
 g - 2 scrolls of magic mapping
 i - 5 scrolls of identify
 o - 2 scrolls of noise {unknown}
 p - 6 scrolls of remove curse {unknown}
 u - 3 scrolls of fog {unknown}
 y - a scroll of amnesia {unknown}
 B - 2 scrolls of blinking {unknown}
 G - 2 scrolls of enchant weapon {unknown}
Potions
 k - a potion of ambrosia {unknown}
 q - 7 potions of curing
 r - 6 potions of lignification
 s - 3 potions of flight {unknown}
 v - a potion of mutation {unknown}
 x - 3 potions of invisibility {unknown}
 A - 5 potions of heal wounds
 D - 2 potions of cancellation {unknown}
 E - a potion of might {unknown}
 F - a potion of haste {unknown}
 H - a potion of brilliance {unknown}
 O - a potion of berserk rage {unknown}
Comestibles
 e - 20 rations {!d}
 M - 8 chunks of flesh


   Skills:
 * Level 3.6 Fighting
   Level 1.0 Maces & Flails
 * Level 3.5 Throwing
 * Level 5.7 Dodging
 + Level 2.6 Stealth
 * Level 10.0 Unarmed Combat
 * Level 3.2 Spellcasting
 * Level 1.1 Conjurations
 * Level 0.2 Transmutations
 * Level 3.9 Invocations
 * Level 3.1 Evocations


You had 7 spell levels left.
You knew the following spells:

 Your Spells              Type           Power        Failure   Level  Hunger
a - Iskenderun's Mystic   Conj           #.......     19%         3    ####...
z - Irradiate             Conj/Tmut      #.........   91%         5    ######.

Your spell library contained the following spells:

 Spells                   Type           Power        Failure   Level  Hunger
 Magic Dart               Conj           #...         6%          1    None
 Static Discharge         Air            #.....       10%         1    None
 Searing Ray              Conj           #.......     10%         2    #......
 Shock                    Conj/Air       #......      12%         2    #......
 Swiftness                Chrm/Air       #.......     16%         2    #......
 Mephitic Cloud           Conj/Pois/Air  #.......     26%         3    ####...
 Fulminant Prism          Conj/Hex       #.........   61%         4    #####..
 Lightning Bolt           Conj/Air       #.......     61%         4    #####..


Dungeon Overview and Level Annotations

Branches:
Dungeon (8/12)             Temple (1/1) D:4            Lair (0/6) D:7
    Orc: D:8-11

Altars:
Ashenzari
Cheibriados
Dithmenos
Elyvilon
Fedhas
Gozag
Kikubaaqudgha
Lugonu
Makhleb
Nemelex Xobeh
Okawaru
Qazlal
Ru
Sif Muna
Trog
Uskayaw
Vehumet
Wu Jian
Xom
Yredelemnul
Zin
The Shining One

Shops:
D:3 *   D:6 !

Annotations:
D:6 exclusion: 2 doors
D:8 3 runed translucent doors, Harold; foxfromabyss's ghost, novice FrAE


Innate Abilities, Weirdness & Mutations

You cannot wear most types of armour.
Your thick skin is tough. (AC +8)
You are too large for most types of armour.
You have claws for hands.
Your metabolism is lightning-fast.
You like to eat raw meat.
Your natural rate of healing is unusually fast.


Message History

You see here a throwing net {=f}.
You struggle against the net.
Harold hits you from afar with a +2 trident of piercing.
Snnnck.
You struggle against the net.
Harold hits you from afar with a +2 trident of piercing!
No path to travel!
You struggle against the net.
You rip the net and break free!
Harold points at you and mumbles some strange words.
The bolt of fire hits you!!!
* * * LOW HITPOINT WARNING * * *
No path to travel!
Harold hits you with a +2 trident of piercing!
* * * LOW HITPOINT WARNING * * *
x2 Harold barely misses you.
You barely miss Harold. You claw Harold!
Harold is lightly wounded.
Harold hits you with a +2 trident of piercing!
You die...

#. #.# #..##.#
#..##.# #..##.#
#..##.#
#..##.###########.#
#...........@@....#
###.#..#############
####.._..........
.....#.##########
####...# #####


You could see Harold.

Vanquished Creatures
  Prince Ribbit (D:6)
  A hornet (D:7)
  A basilisk (D:7)
  4 yaks (D:7)
  4 crocodiles (D:7)
  Duvessa (D:7)
  3 orc warriors
  4 porcupines
  4 phantoms
  3 ice beasts
  A sky beast (D:5)
  2 necrophages (D:6)
  4 ogres
  3 bullfrogs
  2 elf zombies (Ossuary)
  A gnoll sergeant (D:6)
  Dowan (D:7)
  2 centaurs
  A scorpion (D:5)
  A wyvern skeleton (D:7)
  An orc priest (D:7)
  6 crimson imps
  A bullfrog zombie (D:6)
  4 hounds
  2 human zombies (Ossuary)
  4 orc wizards
  4 bullfrog skeletons
  5 iguanas
  Natasha (thrice) (D:3)
  6 worker ants
  A hound skeleton (D:4)
  2 mummies (Ossuary)
  2 worker ant zombies
  8 gnolls
  12 adders
  A centaur zombie (Ossuary)
  2 shadow imps (D:6)
  4 oozes
  An adder skeleton (D:7)
  4 adder zombies (Ossuary)
  3 worms (D:3)
  A dart slug (D:3)
  7 leopard geckos
  13 orcs
  2 giant cockroaches (D:1)
  8 goblins
  5 hobgoblins
  12 jackals
  5 kobolds
  8 quokkas
  A ball python (D:2)
  4 bats
  5 frilled lizards
  12 hobgoblin zombies (Ossuary)
  A jackal zombie (Ossuary)
  8 kobold zombies (Ossuary)
  6 orc zombies (Ossuary)
  7 rats
  A rat zombie (Ossuary)
226 creatures vanquished.

Vanquished Creatures (others)
  14 plants
14 creatures vanquished.

Grand Total: 240 creatures vanquished

Notes
Turn   | Place    | Note
-------+----------+-------------------------------------------
     0 | D:1      | Morbidden the Troll Archaeologist began the quest for the
                  | Orb.
     0 | D:1      | Reached XP level 1. HP: 18/18 MP: 0/0
   113 | D:1      | Reached XP level 2. HP: 21/26 MP: 1/1
   336 | D:1      | Reached skill level 1 in Fighting
   446 | D:1      | Reached XP level 3. HP: 33/33 MP: 2/2
  1192 | D:2      | Found a corrupted altar of Lugonu.
  1640 | D:2      | Found a sacrificial altar of Ru.
  1654 | D:2      | Found a basalt altar of Yredelemnul.
  1767 | D:2      | Reached skill level 1 in Unarmed Combat
  1788 | D:2      | Found a shimmering blue altar of Sif Muna.
  1790 | D:2      | Found a glowing golden altar of the Shining One.
  1891 | D:3      | Gained mutation: Your natural rate of healing is unusually
                  | fast. [Troll growth]
  1891 | D:3      | Reached XP level 4. HP: 35/41 MP: 3/3
  1934 | D:3      | Noticed Natasha
  1946 | D:3      | Killed Natasha
  2221 | D:3      | Reached XP level 5. HP: 48/48 MP: 4/4
  2221 | D:3      | Identified a scroll of acquirement
  2221 | D:3      | Identified the +1 bardiche "Etar" {flame, rF- rN+++ Dex+5
                  | Stlth+} (You acquired it on level 3 of the Dungeon)
  2221 | D:3      | Identified the +0 medium shield "Ajeoc" {Int+6 Stlth-} (You
                  | acquired it on level 3 of the Dungeon)
  2226 | D:3      | Reached skill level 2 in Unarmed Combat
  2319 | D:3      | Reached skill level 1 in Evocations
  2398 | D:3      | Noticed Natasha
  2404 | D:3      | Killed Natasha
  2405 | D:3      | Reached skill level 1 in Throwing
  2436 | D:3      | Found an opulent altar of Gozag.
  2436 | D:3      | Found Gozag's Platinum Reserve.
  2514 | D:3      | Noticed Natasha
  2520 | D:3      | Killed Natasha
  2746 | D:4      | Found a glowing silver altar of Zin.
  2746 | D:4      | Noticed an angel
  2832 | D:4      | Reached skill level 3 in Unarmed Combat
  2836 | D:4      | Reached XP level 6. HP: 43/55 MP: 6/6
  2915 | D:4      | Found a staircase to the Ecumenical Temple.
  2932 | Temple   | Entered the Ecumenical Temple
  3188 | Temple   | Became a worshipper of Cheibriados the Contemplative
  3392 | D:4      | Reached skill level 1 in Spellcasting
  3480 | D:4      | Reached skill level 4 in Unarmed Combat
  3794 | D:5      | Entered Level 5 of the Dungeon
  3814 | D:5      | Reached XP level 7. HP: 60/63 MP: 7/7
  3881 | D:5      | Found a sand-covered staircase.
  3887 | Ossuary  | Entered an ossuary
  3919 | Ossuary  | Reached * piety under Cheibriados
  4023 | Ossuary  | Reached skill level 1 in Invocations
  4100 | Ossuary  | Reached skill level 5 in Unarmed Combat
  4128 | Ossuary  | Reached ** piety under Cheibriados
  4222 | D:5      | Reached XP level 8. HP: 40/72 MP: 9/9
  4388 | D:5      | Found a shimmering altar of Xom.
  4441 | D:5      | Reached skill level 6 in Unarmed Combat
  4821 | D:6      | Found Alyabo's Distillery.
  4821 | D:6      | Noticed Prince Ribbit
  4835 | D:6      | Killed Prince Ribbit
  4895 | D:6      | Reached skill level 7 in Unarmed Combat
  4896 | D:6      | Reached *** piety under Cheibriados
  4988 | D:6      | Bought a potion of lignification for 36 gold pieces
  4988 | D:6      | Bought a potion of lignification for 36 gold pieces
  4988 | D:6      | Bought a potion of lignification for 36 gold pieces
  4988 | D:6      | Bought a potion of heal wounds for 60 gold pieces
  4988 | D:6      | Bought 2 potions of curing for 60 gold pieces
  5160 | D:6      | Reached XP level 9. HP: 79/80 MP: 11/11
  5169 | D:6      | Reached skill level 5 in Dodging
  5225 | D:6      | Reached skill level 8 in Unarmed Combat
  5240 | D:6      | Got a polished falchion
  5899 | D:7      | Noticed Duvessa
  5911 | D:7      | Killed Duvessa
  5913 | D:7      | Noticed Dowan
  5934 | D:7      | Reached **** piety under Cheibriados
  5995 | D:7      | Reached skill level 9 in Unarmed Combat
  6094 | D:7      | Killed Dowan
  6164 | D:7      | Reached XP level 10. HP: 83/91 MP: 13/13
  6168 | D:7      | Learned a level 3 spell: Iskenderun's Mystic Blast
  6176 | D:7      | Found a staircase to the Lair.
  6236 | D:7      | Learned a level 5 spell: Irradiate
  6696 | D:8      | Reached ***** piety under Cheibriados
  6708 | D:8      | Reached skill level 1 in Conjurations
  6710 | D:8      | Reached skill level 10 in Unarmed Combat
  6724 | D:8      | Found a blossoming altar of Fedhas.
  6727 | D:8      | Found an ancient bone altar of Kikubaaqudgha.
  6741 | D:8      | Found a runed translucent gate.
  6741 | D:8      | Found a runed translucent gate.
  6742 | D:8      | Noticed an 11-headed hydra
  6743 | D:8      | Found a runed translucent gate.
  6743 | D:8      | Noticed foxfromabyss's ghost (novice FrAE)
  6799 | D:8      | Found a white marble altar of Elyvilon.
  6817 | D:8      | Noticed Harold
  6830 | D:8      | Mangled by Harold

Skill      XL: |  1  2  3  4  5  6  7  8  9 10 |
---------------+-------------------------------+-----
Fighting       | 1 2 3 |  3.6
Stealth        | 2 |  2.6
Dodging        | 3 4 5 |  5.7
Unarmed Combat | 1 3 4 5 7 9 10 | 10.0
Evocations     | 1 2 3 |  3.1
Throwing       | 1 2 3 |  3.5
Spellcasting   | 1 2 3 |  3.2
Invocations    | 1 2 3 |  3.9
Conjurations   | 1 |  1.1
Maces & Flails | |  1.0
Transmutations | |  0.2

Action                   |  1- 3 |  4- 6 |  7- 9 | 10-12 || total
-------------------------+-------+-------+-------+-------++-------
Melee: Unarmed           |   116 |   181 |   435 |    64 ||   796
       Punch             |       |       |    21 |     9 ||    30
 Fire: Blowgun           |       |     7 |    16 |       ||    23
Throw: Stone             |     6 |       |     9 |     5 ||    20
  Use: Scroll            |       |     4 |     1 |     3 ||     8
 Stab: Sleeping          |     3 |     3 |     5 |       ||    11
  Eat: Chunk             |    20 |    16 |    21 |     5 ||    62
Armor: Skin              |    38 |    58 |   126 |    20 ||   242
Dodge: Dodged            |    46 |   112 |   340 |    60 ||   558
